 Dungeon Crawl Stone Soup version 0.27-a0-1217-g8a41f320e8 (webtiles) character file.

Game seed: 18422354738127936292

427868 Glokmah the Unseen (level 23, -5/191 HPs)
             Began as a Gnoll Wanderer on June 6, 2021.
             Was an Elder of Ashenzari.
             Slain by Mennas
             ... wielding a +5 trishula of holy wrath
              (12 damage)
             ... on level 3 of the Depths.
             The game lasted 04:00:10 (79402 turns).

Glokmah the Unseen (Gnoll Wanderer)                Turns: 79402, Time: 04:00:11

Health: -5/191     AC: 25    Str: 13    XL:     23   Next: 85%
Magic:  33/45      EV: 21    Int: 21    God:    Ashenzari [****..]
Gold:   606        SH: 20    Dex: 14    Spells: 6/59 levels left

rFire    . . .     SeeInvis +   c - +4 demon trident (spect)
rCold    . . .     Faith    .   k - +1 kite shield of Ashenzari's Secrets {Evo, Bglg} (curse)
rNeg     + . .     Spirit   .   C - +2 robe "Moon of the Heavens" {rPois rN+ Will-, Melee, Elem} (curse)
rPois    +         Reflect  +   s - +2 helmet of Ashenzari's Augurer {Alch, Range} (curse)
rElec    .         Harm     .   W - +1 cloak of Ashenzari's Portent {Alch, Self} (curse)
rCorr    .         Rampage  .   t - +2 pair of gloves {Dex+3}
Will     .....     Clarity  +   q - +2 pair of boots "Per Aspera Ad Scientiam" {Fly, Elem, Cun} (curse)
Stlth    +++.......             H - amulet of reflection
HPRegen  0.41/turn              z - ring of Ashenzari's Pleiades {AC+4, Fort, Self} (curse)
MPRegen  0.29/turn              w - ring of wizardry

@: mighty, flying, glowing, studying 2 skills, silenced
A: fangs 1, strong nose, distributed training, iridescent scales 1, poison
resistance
}: 2/15 runes: barnacled, gossamer
a: Renounce Religion, Curse Item, Shatter the Chains


You were on level 3 of the Depths.
You worshipped Ashenzari.
Ashenzari was greatly pleased with you.
You visited 9 branches of the dungeon, and saw 44 of its levels.
You visited the Abyss 1 time.
You also visited: Ossuary, Bailey and Ice Cave.

You collected 5941 gold pieces.
You spent 5335 gold pieces at shops.

Inventory:

Hand Weapons
 a - the +10 zealot's sword {holy, *Rage rN+ EV+3}
   (You found it on level 6 of the Lair of Beasts)

   It has been blessed by the Shining One to cause great damage to the undead
   and demons.
   It affects your evasion (+3).
   It protects you from negative energy.
   It may make you go berserk in combat.
 b - the +3 Elemental Staff {rElec rF++ rC++ Will++ AC+5}
   (You found it on level 1 of the Vaults)

   It affects your AC (+5).
   It greatly protects you from fire.
   It greatly protects you from cold.
   It insulates you from electricity.
   It greatly increases your willpower.
 c - a +4 spectral demon trident (weapon)
 L - the +5 falchion of the Slashing Seer {vamp, rN++ Will+ Dex-5}
   (You found it on level 3 of the Elven Halls)

   It inflicts no extra harm, but heals its wielder when it wounds a living foe.
   It affects your dexterity (-5).
   It greatly protects you from negative energy.
   It increases your willpower.
Missiles
 f - 228 poisoned darts
 J - 6 atropa-tipped darts
 R - 11 boomerangs of dispersal
 T - 115 boomerangs
 V - 7 throwing nets
Armour
 k - the cursed +1 kite shield of Ashenzari's Secrets (worn) {Evo, Bglg}
   (You found it on level 2 of the Dungeon)

   It has a curse which improves the following skills: Evocations: Evocations.
   Beguiling: Conjurations, Hexes and Translocations.
 q - the cursed +2 pair of boots "Per Aspera Ad Scientiam" (worn) {Fly, Elem, Cun}
   (You found it on level 3 of the Elven Halls)

   It has a curse which improves the following skills: Elements: Fire Magic, Ice
   Magic, Air Magic and Earth Magic.
   Cunning:   Dodging and Stealth.
 s - the cursed +2 helmet of Ashenzari's Augurer (worn) {Alch, Range}
   (You took it off Robin on level 3 of the Dungeon)

   It has a curse which improves the following skills: Alchemy: Poison Magic and
   Transmutations.
   Ranged Combat: Slings, Bows, Crossbows and Throwing.
 t - a +2 pair of gloves of dexterity (worn)
 C - the cursed +2 robe "Moon of the Heavens" (worn) {rPois rN+ Will-, Melee, Elem}
   (You found it on level 2 of the Vaults)

   It protects you from poison.
   It protects you from negative energy.
   It decreases your willpower.
   It has a curse which improves the following skills: Melee Combat: Short
   Blades, Long Blades, Axes, Maces & Flails, Polearms, Staves and Unarmed
   Combat.
   Elements:  Fire Magic, Ice Magic, Air Magic and Earth Magic.
 K - the +3 cloak of Gibo {Drain Fly rF+ Dex+3}
   (You found it on level 4 of the Depths)

   It affects your dexterity (+3).
   It protects you from fire.
   It grants you flight.
   It drains your maximum health when unequipped.
 W - the cursed +1 cloak of Ashenzari's Portent (worn) {Alch, Self}
   (You found it on level 9 of the Dungeon)

   It has a curse which improves the following skills: Alchemy: Poison Magic and
   Transmutations.
   Introspection: Fighting and Spellcasting.
Jewellery
 j - a ring of resist corrosion
 w - a ring of wizardry (right hand)
 z - the cursed ring of Ashenzari's Pleiades (left hand) {AC+4, Fort, Self}
   (You found it on level 4 of the Dungeon)

   [ring of protection]

   It affects your AC (+4).
   It has a curse which improves the following skills: Fortitude: Armour and
   Shields.
   Introspection: Fighting and Spellcasting.
 B - the ring of Free Will {Dex+6 Slay+2 SInv}
   (You found it on level 2 of the Shoals)

   [ring of dexterity]

   It affects your dexterity (+6).
   It affects your accuracy and damage with ranged weapons and melee attacks
   (+2).
   It lets you see invisible.
 H - an amulet of reflection (around neck)
 Z - a ring of positive energy
Wands
 g - a wand of charming (34)
 h - a wand of digging (7)
 x - a wand of paralysis (13)
 I - a wand of flame (110)
 P - a wand of iceblast (51)
 S - a wand of polymorph (44)
 X - a wand of acid (13)
 Y - a wand of mindburst (66)
Scrolls
 l - 6 scrolls of fog
 v - 2 scrolls of silence
 y - 11 scrolls of teleportation
 E - 2 scrolls of amnesia
 F - 3 scrolls of blinking
 G - 6 scrolls of magic mapping
 N - a scroll of summoning
 U - 3 scrolls of fear
Potions
 d - 10 potions of haste
 e - 5 potions of lignification
 i - 16 potions of curing
 m - 7 potions of might
 o - 5 potions of magic
 p - 4 potions of resistance
 r - 7 potions of ambrosia
 u - 4 potions of cancellation
 D - 9 potions of heal wounds
 M - 2 potions of berserk rage
 O - 7 potions of brilliance
 Q - 2 potions of invisibility
Miscellaneous
 n - a box of beasts
 A - a phial of floods


   Skills:
 + Level 15.3(18.3) Fighting
 + Level 15.3(17.2) Short Blades
 + Level 15.3(17.2) Long Blades
 + Level 15.3(17.2) Axes
 + Level 15.3(17.2) Maces & Flails
 + Level 15.3(17.2) Polearms
 + Level 15.3(17.2) Staves
 + Level 15.3(17.2) Slings
 + Level 15.3(17.2) Bows
 + Level 15.3(17.2) Crossbows
 + Level 15.3(17.2) Throwing
 + Level 15.3(17.2) Armour
 + Level 15.3(17.2) Dodging
 + Level 17.0(18.8) Stealth
 + Level 16.2(18.0) Shields
 + Level 15.3(17.2) Unarmed Combat
 + Level 15.5(18.5) Spellcasting
 + Level 13.2(15.2) Conjurations
 + Level 13.2(15.2) Hexes
 + Level 13.2 Summonings
 + Level 13.2 Necromancy
 + Level 13.2(15.2) Translocations
 + Level 13.2(16.3) Transmutations
 + Level 13.2(16.3) Fire Magic
 + Level 13.2(16.3) Ice Magic
 + Level 13.2(16.3) Air Magic
 + Level 13.7(16.7) Earth Magic
 + Level 15.3(18.3) Poison Magic
 + Level 16.5 Invocations
 + Level 15.5(17.4) Evocations


You had 6 spell levels left.
You knew the following spells:

 Your Spells              Type           Power      Damage    Failure   Level
a - Ignition              Fire           36%        3d11      9%          8
b - Poisonous Vapours     Pois/Air       100%       N/A       0%          2
c - Borgnjor's Vile Clut  Necr/Erth      35%        N/A       1%          5
d - Ignite Poison         Fire/Tmut/Pois 74%        N/A       0%          3
e - Olgreb's Toxic Radia  Pois           77%        N/A       0%          4
f - Mephitic Cloud        Conj/Pois/Air  73%        N/A       0%          3
g - Eringya's Noxious Bo  Tmut/Pois      37%        N/A       1%          6
h - Orb of Destruction    Conj           35%        9d13      1%          7
i - Iron Shot             Conj/Erth      36%        9d7       1%          6
j - Stone Arrow           Conj/Erth      100%       3d13      0%          3
k - Summon Lightning Spi  Summ/Air       69%        N/A       1%          4
l - Blink                 Tloc           N/A        N/A       0%          2

Your spell library contained the following spells:

 Spells                   Type           Power      Damage    Failure   Level
 Beastly Appendage        Tmut           100%       N/A       0%          1
 Corona                   Hex            77%        N/A       0%          1
 Foxfire                  Conj/Fire      100%       2x1d9     0%          1
 Magic Dart               Conj           100%       1d8       0%          1
 Sandblast                Erth           100%       2d20      0%          1
 Shock                    Conj/Air       100%       1d9       0%          1
 Sting                    Tmut/Pois      100%       1d8       0%          1
 Summon Small Mammal      Summ           100%       N/A       0%          1
 Call Imp                 Summ           66%        N/A       0%          2
 Corpse Rot               Necr/Air       N/A        N/A       0%          2
 Ensorcelled Hibernation  Hex/Ice        100%       N/A       0%          2
 Passwall                 Tmut/Erth      60%        N/A       0%          2
 Searing Ray              Conj           100%       3d7       0%          2
 Slow                     Hex            70%        N/A       0%          2
 Static Discharge         Conj/Air       71%        N/A       0%          2
 Sublimation of Blood     Necr           33%        N/A       0%          2
 Wereblood                Tmut           73%        N/A       0%          2
 Confusing Touch          Hex            70%        N/A       0%          3
 Conjure Flame            Conj/Fire      71%        6-21      0%          3
 Dazzling Flash           Conj/Hex       100%       N/A       0%          3
 Gell's Gravitas          Tloc           35%        N/A       0%          3
 Inner Flame              Hex/Fire       71%        N/A       0%          3
 Lesser Beckoning         Tloc           35%        N/A       0%          3
 Portal Projectile        Hex/Tloc       100%       N/A       0%          3
 Spider Form              Tmut/Pois      37%        N/A       0%          3
 Summon Guardian Golem    Hex/Summ       68%        N/A       0%          3
 Tukima's Dance           Hex            70%        N/A       0%          3
 Call Canine Familiar     Summ           66%        N/A       1%          3
 Animate Armour           Summ/Erth      100%       N/A       1%          4
 Animate Dead             Necr           33%        N/A       1%          4
 Cause Fear               Hex            35%        N/A       1%          4
 Fulminant Prism          Conj/Hex       35%        3d18      1%          4
 Hailstorm                Conj/Ice       71%        3d15      1%          4
 Ice Form                 Ice/Tmut       73%        N/A       1%          4
 Iskenderun's Mystic Bla  Conj/Tloc      70%        2d14      1%          4
 Passage of Golubria      Tloc           N/A        N/A       1%          4
 Petrify                  Tmut/Erth      73%        N/A       1%          4
 Summon Ice Beast         Ice/Summ       69%        N/A       1%          4
 Alistair's Intoxication  Tmut/Pois      50%        N/A       1%          5
 Bolt of Magma            Conj/Fire/Erth 36%        4d16      1%          5
 Fireball                 Conj/Fire      35%        3d15      1%          5
 Hydra Form               Tmut           36%        N/A       1%          5
 Irradiate                Conj/Tmut      35%        3d25      1%          5
 Iskenderun's Battlesphe  Conj           70%        2d12      1%          5
 Lee's Rapid Deconstruct  Erth           37%        3d19*     1%          5
 Lightning Bolt           Conj/Air       35%        1d53      1%          5
 Manifold Assault         Tloc           70%        N/A       1%          5
 Metabolic Englaciation   Hex/Ice        35%        N/A       1%          5
 Silence                  Hex/Air        35%        N/A       1%          5
 Summon Forest            Summ/Tloc      34%        N/A       1%          5
 Yara's Violent Unravell  Hex/Tmut       35%        3d14      1%          5
 Conjure Ball Lightning   Conj/Air       35%        3x3d11    1%          6
 Death Channel            Necr           33%        N/A       1%          6
 Dispersal                Tloc           35%        N/A       1%          6
 Freezing Cloud           Conj/Ice/Air   36%        6-21      1%          6
 Simulacrum               Ice/Necr       34%        N/A       1%          6
 Starburst                Conj/Fire      35%        8x6d10    1%          6
 Statue Form              Tmut/Erth      48%        N/A       1%          6
 Dragon Form              Tmut           36%        N/A       1%          7
 Malign Gateway           Summ/Tloc      34%        N/A       2%          7
 Spellforged Servitor     Conj/Summ      34%        N/A       2%          7
 Haunt                    Necr/Summ      33%        N/A       4%          7
 Monstrous Menagerie      Summ           33%        N/A       4%          7
 Summon Hydra             Summ           33%        N/A       4%          7
 Disjunction              Tloc           35%        N/A       14%         8
 Summon Horrible Things   Summ           33%        N/A       30%         8
 Shatter                  Erth           37%        3d29*     71%         9
 Tornado                  Air            36%        N/A       77%         9


Dungeon Overview and Level Annotations

Branches:
Dungeon (15/15)            Temple (1/1) D:5            Lair (6/6) D:10
 Shoals (4/4) Lair:3       Spider (4/4) Lair:3        Slime (0/5) Lair:5
    Orc (2/2) D:12            Elf (3/3) Orc:2        Vaults (5/5) D:14
  Crypt (0/3) Vaults:2     Depths (4/5) D:15        Ossuary (visited)
 Bailey (visited)           IceCv (visited)

Altars:
Ashenzari
Cheibriados
Dithmenos
Elyvilon
Fedhas
Gozag
Hepliaklqana
Kikubaaqudgha
Makhleb
Nemelex Xobeh
Okawaru
Qazlal
Ru
Sif Muna
Trog
Uskayaw
Vehumet
Wu Jian
Xom
Yredelemnul
Zin
The Shining One
Jiyva

Shops:
D:1 !   D:12 :   Orc:2 =::*   Elf:2 !   Elf:3 (   Shoals:1 (   Shoals:2 [
Vaults:1 [   Depths:1 =:=

Portals:
Hell: Lair:6 Depths:1 Depths:2 Depths:3
Pandemonium: Depths:3

Annotations:
D:4 3 runed translucent doors, losten's ghost, amateur DsSu
Depths:3 Mennas


Innate Abilities, Weirdness & Mutations

You have very sharp teeth.
Your uncanny sense of smell can sniff out nearby items.
Your experience applies equally to all skills.
You are partially covered in iridescent scales. (AC +2)
Your system is resistant to poisons. (rPois)


Message History

Mennas hits you from afar with a +5 trishula of holy wrath.
* * * LOW HITPOINT WARNING * * *
You block Mennas's attack.
Unknown command.
Okay, then.
You feel very mighty all of a sudden.
The zombie hands constrict Mennas!
The zombie hands release their grip on Mennas.
Mennas hits you from afar with a +5 trishula of holy wrath!
* * * LOW HITPOINT WARNING * * *
You block Mennas's attack.
Reach: c) +4 demon trident (spect)
Press: ? - help, Dir - move target, f/p - Mennas
Aim: Mennas, wielding a +5 trishula of holy wrath and wearing a +0 tower shield (silenced, severely wounded, radiating silence, haloed, about 48% to evade your +4 spectral demon trident)
You reach to attack!
Mennas blocks your attack.
Mennas is severely wounded.
Your spectral weapon completely misses Mennas.
Mennas hits you but does no damage. Mennas misses you.
Reach: c) +4 demon trident (spect)
Press: ? - help, Dir - move target, f/p - Mennas
Aim: Mennas, wielding a +5 trishula of holy wrath and wearing a +0 tower shield (silenced, severely wounded, radiating silence, haloed, about 48% to evade your +4 spectral demon trident)
You reach to attack!
You barely miss Mennas.
Mennas is severely wounded.
Your spectral weapon misses Mennas.
Mennas hits you but does no damage. You block Mennas's attack.
Reach: c) +4 demon trident (spect)
Press: ? - help, Dir - move target, f/p - Mennas
Aim: Mennas, wielding a +5 trishula of holy wrath and wearing a +0 tower shield (silenced, severely wounded, radiating silence, haloed, about 48% to evade your +4 spectral demon trident)
You reach to attack!
You puncture Mennas!
Mennas is almost dead.
Mennas blocks your spectral weapon's attack.
Mennas hits you from afar with a +5 trishula of holy wrath!
* * * LOW HITPOINT WARNING * * *
Mennas hits you from afar with a +5 trishula of holy wrath.
* * * LOW HITPOINT WARNING * * *
You block Mennas's attack. x2
Mennas hits you from afar with a +5 trishula of holy wrath!
* * * LOW HITPOINT WARNING * * *
Mennas hits you from afar with a +5 trishula of holy wrath!
You die...

..'...##.....##..#####...##....#
..#....#....##...#####....####.#
###...####'##....####...[..# ###
#.#...#..........###.......#
..#####..........###.....###
......##.........###.....#
.......#...........###..##
.......##'##.........'.##
.......#...#....@§A..#.##
.......#...##'###§####.###
...#'###.............###.#
...#...'.................#
...#...##............#####
..##....#...........##
..'.....#...........#
..#....##..###:.....#
..#...##...####.>..##


You could see Mennas (silencing).

Vanquished Creatures
  Mara (Vaults:3)
  A juggernaut (Depths:3)
  Jory (Depths:3)
  A golden dragon (Depths:3)
  Rupert (D:14)
  Jorgrun (D:13)
  A tentacled monstrosity (Depths:4)
  2 liches (Depths:3)
  2 deep elf blademasters (Elf:3)
  A titan (Depths:4)
  2 deep elf master archers (Elf:3)
  2 sphinxes
  Frances (D:13)
  Polyphemus (Shoals:4)
  Roxanne (Shoals:1)
  6 tengu reavers
  3 frost giants
  3 ghost moths
  12 deep elf sorcerers
  3 fire giants
  2 orc warlords
  13 vault wardens
  Aizul (Shoals:1)
  A caustic shrike zombie (Depths:3)
  4 deep elf elementalists (Elf:3)
  An iron dragon (Depths:4)
  13 very ugly things
  A quicksilver ooze (shapeshifter) (Depths:4)
  7 emperor scorpions
  14 ironbound preservers
  The ghost of Ekhlibu the Tainter, a journeyman DgVM (Elf:3)
  A juggernaut zombie (Depths:3)
  9 stone giants
  A reaper (IceCv)
  4 deep elf demonologists (Elf:3)
  A vampire knight (Depths:4)
  4 entropy weavers
  3 dire elephants
  6 deep elf annihilators (Elf:3)
  2 merfolk javelineers (Shoals:4)
  6 spark wasps
  5 crystal guardians
  9 ettins
  8 merfolk impalers
  8 fire dragons
  A blizzard demon (Depths:3)
  Snorg (Lair:5)
  7 yaktaur captains
  3 deep elf death magi
  2 jiangshi (Depths:4)
  9 deep elf high priests
  7 great orbs of eyes
  5 boulder beetles
  Josephine (D:12)
  2 ice dragons
  5 rakshasas
  7 ironbound thunderhulks
  A spriggan air mage (Depths:2)
  7 hydras
  7 vault guards
  2 catoblepae
  3 ogre magi
  3 merfolk aquamancers
  9 ironbound frosthearts
  5 merfolk avatars
  11 centaur warriors
  21 dancing weapons
  14 two-headed ogres
  7 tengu warriors
  A vampire mage (Depths:4)
  2 satyrs
  5 deep troll shamans
  12 death yaks
  2 deep troll earth magi
  4 ironbound beastmasters
  3 spriggan berserkers
  8 hell knights
  A soul eater (Depths:3)
  Nergalle (D:10)
  18 deep elf knights
  5 iron trolls
  2 sun demons (Depths:3)
  3 sixfirhies
  42 deep trolls
  2 glowing orange brains
  12 sea snakes
  10 deep elf archers
  2 lindwurms
  3 flayed ghosts
  11 wizards
  30 deep elf zephyrmancers
  25 deep elf pyromancers
  16 harpies
  9 manticores
  14 ironbound convokers
  A mana viper (shapeshifter) (D:15)
  5 necromancers
  26 wolf spiders
  9 orb spiders
  27 ugly things
  4 orc knights
  2 orc sorcerers
  A moth of wrath (Spider:4)
  11 cyclopes
  13 fauns
  20 elephants
  10 merfolk sirens
  An eye of devastation (shapeshifter) (D:7)
  A black mamba (shapeshifter) (D:14)
  A frost giant skeleton (Depths:2)
  10 vault sentinels
  7 black mambas
  3 gargoyles
  2 ice statues (IceCv)
  7 water nymphs
  8 cane toads
  5 torpor snails
  2 smoke demons (Depths:3)
  2 unseen horrors (D:9)
  3 orange demons (Lair:6)
  5 demonic crawlers
  5 komodo dragons
  A kobold demonologist (D:11)
  43 yaktaurs
  2 efreet (D:15)
  A yaktaur (shapeshifter) (D:13)
  6 rime drakes
  5 tengu conjurers
  10 ice devils
  A freezing wraith (Vaults:2)
  3 hellwings
  30 jumping spiders
  14 trolls
  3 meliai (Spider:2)
  2 polar bears
  2 wind drakes
  28 merfolk
  9 snapping turtles
  A wind drake (shapeshifter) (D:11)
  15 dream sheep
  A shadow dragon simulacrum (Depths:2)
  9 hornets
  20 blink frogs
  26 slime creatures
  Grinder (D:6)
  A slime creature (shapeshifter) (Depths:2)
  A fire giant simulacrum (Depths:3)
  A flying skull (Vaults:2)
  20 tarantellas
  7 water elementals
  4 shadows
  5 wyverns
  A ynoxinul (Depths:3)
  67 redbacks
  3 fire elementals
  6 wraiths
  6 basilisks
  A fire bat (shapeshifter) (Depths:3)
  43 yaks
  16 humans (D:14)
  9 vampire mosquitoes
  2 chaos spawn (Depths:3)
  2 spriggan simulacra (Depths:2)
  A warg (Orc:1)
  2 steam dragons
  A swamp worm (shapeshifter) (Depths:4)
  16 water moccasins
  3 acid dragons
  25 orc warriors
  3 hell hounds (Lair:6)
  9 ice beasts
  2 sky beasts (D:7)
  A hornet zombie (D:7)
  2 necrophages
  23 ogres
  2 phantoms
  14 centaurs
  3 wolves (D:10)
  2 kobold brigands
  16 bullfrogs
  A wyvern zombie (D:8)
  3 earth elementals
  16 scorpions
  A glowing shapeshifter simulacrum (Depths:2)
  A water moccasin skeleton (D:4)
  14 killer bees
  6 wights
  4 howler monkeys
  8 electric eels
  8 centaur zombies
  4 hounds (D:10)
  2 jellies
  A centaur skeleton (D:4)
  A bullfrog skeleton (D:5)
  19 orc priests
  Jessica (D:3)
  3 iguanas (D:5)
  24 orc wizards
  A killer bee zombie (D:6)
  3 mummies (Ossuary)
  Robin (D:3)
  2 howler monkey zombies
  6 adders
  4 gnolls
  A shadow imp (D:7)
  11 white imps
  6 ufetubi (IceCv)
  3 adder skeletons
  2 worms
  A dart slug (D:4)
  72 orcs
  13 ball pythons
  5 endoplasms
  6 giant cockroaches
  4 gnoll zombies (Ossuary)
  20 goblins
  9 hobgoblins
  2 jackals (D:1)
  25 kobolds
  5 quokkas
  4 bats
  8 frilled lizards
  2 hobgoblin zombies (Ossuary)
  3 kobold zombies (Ossuary)
  4 orc zombies (Ossuary)
  11 rats
1649 creatures vanquished.

Vanquished Creatures (collateral kills)
  2 harpies (Vaults:1)
  An ugly thing (Vaults:2)
  2 oklob plants (Lair:1)
5 creatures vanquished.

Vanquished Creatures (others)
  2 emperor scorpions (Spider:4)
  An orc warlord (Orc:1)
  An ironbound preserver (Vaults:2)
  An entropy weaver (Spider:4)
  A peacekeeper (Vaults:1)
  An alligator snapping turtle (Shoals:4)
  A merfolk aquamancer (Shoals:4)
  A dancing weapon (Elf:3)
  A deep troll earth mage (Depths:3)
  2 sea snakes
  4 deep trolls
  A wizard (Vaults:4)
  A deep elf zephyrmancer (Elf:2)
  2 ugly things
  A slime creature (D:12)
  A wolf spider (Spider:2)
  A cane toad (Lair:6)
  3 demonic crawlers
  3 merfolk
  3 jumping spiders
  A snapping turtle (Shoals:3)
  A yak (D:12)
  5 tarantellas
  5 redbacks
  A water elemental (Shoals:2)
  An orc warrior (Orc:1)
  2 orc wizards (Orc:1)
  2 white imps (IceCv)
  3 ufetubi (IceCv)
  7 orcs
  A kobold (Bailey)
  A demonic plant (D:2)
  24 fungi
  123 plants
209 creatures vanquished.

Grand Total: 1863 creatures vanquished

Notes
Turn   | Place    | Note
-------+----------+-------------------------------------------
     0 | D:1      | Glokmah the Gnoll Wanderer began the quest for the Orb.
     0 | D:1      | Glokmah set off with the following items: a +0 club, a +0
                  | robe; and the following spells available to memorise:
                  | Sting, Sandblast, Poisonous Vapours, Olgreb's Toxic
                  | Radiance, Ignite Poison, Mephitic Cloud, Shock, Stone
                  | Arrow, Conjure Flame
     0 | D:1      | Reached XP level 1. HP: 13/13 MP: 4/4
    23 | D:1      | Learned a level 1 spell: Sting
   298 | D:1      | Reached XP level 2. HP: 19/19 MP: 2/5
   380 | D:1      | Learned a level 2 spell: Poisonous Vapours
   511 | D:1      | Found Nosyclux's Distillery.
   675 | D:1      | Learned a level 1 spell: Sandblast
  1241 | D:2      | Reached XP level 3. HP: 25/25 MP: 5/7
  1326 | D:2      | Found a faded altar of an unknown god.
  1885 | D:2      | Reached skill level 1 in Invocations
  2442 | D:2      | Learned a level 3 spell: Ignite Poison
  2519 | D:3      | Reached skill level 1 in Fighting
  2519 | D:3      | Reached skill level 1 in Short Blades
  2519 | D:3      | Reached skill level 1 in Long Blades
  2519 | D:3      | Reached skill level 1 in Axes
  2519 | D:3      | Reached skill level 1 in Maces & Flails
  2519 | D:3      | Reached skill level 1 in Polearms
  2519 | D:3      | Reached skill level 1 in Staves
  2519 | D:3      | Reached skill level 1 in Slings
  2519 | D:3      | Reached skill level 1 in Bows
  2519 | D:3      | Reached skill level 1 in Crossbows
  2519 | D:3      | Reached skill level 1 in Throwing
  2519 | D:3      | Reached skill level 1 in Armour
  2519 | D:3      | Reached skill level 1 in Dodging
  2519 | D:3      | Reached skill level 1 in Stealth
  2519 | D:3      | Reached skill level 1 in Unarmed Combat
  2522 | D:3      | Reached XP level 4. HP: 30/32 MP: 1/8
  2544 | D:3      | Noticed Robin
  2619 | D:3      | Killed Robin
  2734 | D:3      | Reached skill level 1 in Conjurations
  2734 | D:3      | Reached skill level 1 in Hexes
  2734 | D:3      | Reached skill level 1 in Summonings
  2734 | D:3      | Reached skill level 1 in Necromancy
  2734 | D:3      | Reached skill level 1 in Translocations
  2734 | D:3      | Reached skill level 1 in Transmutations
  2734 | D:3      | Reached skill level 1 in Fire Magic
  2734 | D:3      | Reached skill level 1 in Ice Magic
  2734 | D:3      | Reached skill level 1 in Air Magic
  3094 | D:3      | Noticed Jessica
  3097 | D:3      | Killed Jessica
  3098 | D:3      | Reached XP level 5. HP: 37/37 MP: 1/9
  3817 | D:4      | Identified a scroll of acquirement
  3867 | D:4      | Found a sacrificial altar of Ru.
  4033 | D:4      | Found a runed translucent gate.
  4033 | D:4      | Noticed losten's ghost (amateur DsSu)
  4033 | D:4      | Noticed a kobold brigand
  4034 | D:4      | Found a runed translucent gate.
  4034 | D:4      | Found a runed translucent gate.
  4117 | D:4      | Reached XP level 6. HP: 42/44 MP: 10/10
  4170 | D:4      | Learned a level 4 spell: Olgreb's Toxic Radiance
  4601 | D:4      | Reached skill level 2 in Stealth
  4799 | D:5      | Entered Level 5 of the Dungeon
  4799 | D:5      | Found a sparkling altar of Nemelex Xobeh.
  4822 | D:5      | Found a sand-covered staircase.
  4870 | Ossuary  | Entered an ossuary
  4927 | Ossuary  | Reached XP level 7. HP: 50/50 MP: 4/12
  5277 | Ossuary  | Reached XP level 8. HP: 54/57 MP: 11/14
  5293 | Ossuary  | Reached skill level 3 in Stealth
  5616 | D:5      | Found a staircase to the Ecumenical Temple.
  5628 | Temple   | Entered the Ecumenical Temple
  6123 | Temple   | Became a worshipper of Ashenzari the Shackled
  6185 | D:5      | Found a shadowy altar of Dithmenos.
  6568 | D:5      | Found a basalt altar of Yredelemnul.
  6620 | D:5      | Found a white marble altar of Elyvilon.
  7020 | D:6      | Noticed a water elemental
  7022 | D:6      | Found a stormy altar of Qazlal.
  7023 | D:6      | Noticed an air elemental
  7047 | D:6      | Learned a level 3 spell: Mephitic Cloud
  7306 | D:6      | Noticed Grinder
  7440 | D:6      | Killed Grinder
  7441 | D:6      | Reached skill level 5 in Earth Magic
  7441 | D:6      | Reached XP level 9. HP: 55/65 MP: 2/16
  7849 | D:6      | Reached skill level 4 in Stealth
  7849 | D:6      | Reached skill level 5 in Spellcasting
  8598 | D:7      | Found a snail-covered altar of Cheibriados.
  8611 | D:7      | Reached skill level 5 in Shields
  8611 | D:7      | Reached skill level 5 in Evocations
  9036 | D:7      | Reached skill level 5 in Invocations
  9367 | D:7      | Noticed a troll
  9370 | D:7      | Killed a troll
  9371 | D:7      | Reached XP level 10. HP: 65/73 MP: 6/18
  9384 | D:7      | Reached skill level 5 in Fighting
  9384 | D:7      | Reached skill level 5 in Short Blades
  9384 | D:7      | Reached skill level 5 in Long Blades
  9384 | D:7      | Reached skill level 5 in Axes
  9384 | D:7      | Reached skill level 5 in Maces & Flails
  9384 | D:7      | Reached skill level 5 in Polearms
  9384 | D:7      | Reached skill level 5 in Staves
  9384 | D:7      | Reached skill level 5 in Slings
  9384 | D:7      | Reached skill level 5 in Bows
  9384 | D:7      | Reached skill level 5 in Crossbows
  9384 | D:7      | Reached skill level 5 in Throwing
  9384 | D:7      | Reached skill level 5 in Armour
  9384 | D:7      | Reached skill level 5 in Dodging
  9384 | D:7      | Reached skill level 5 in Stealth
  9384 | D:7      | Reached skill level 5 in Unarmed Combat
  9499 | D:7      | Noticed a tengu warrior
  9503 | D:7      | Killed a tengu warrior
 10095 | D:7      | Noticed a death drake
 10095 | D:7      | Noticed a mana viper
 10095 | D:7      | a death drake changed into a mana viper
 10214 | D:7      | Noticed an eye of devastation
 10219 | D:7      | Killed an eye of devastation
 11150 | D:8      | Reached skill level 10 in Poison Magic
 11241 | D:8      | Reached * piety under Ashenzari
 11676 | D:8      | Reached XP level 11. HP: 81/81 MP: 1/20
 12179 | D:9      | Found a glowing golden altar of the Shining One.
 12269 | D:9      | Reached skill level 6 in Stealth
 12401 | D:9      | Reached skill level 5 in Conjurations
 12401 | D:9      | Reached skill level 5 in Hexes
 12401 | D:9      | Reached skill level 5 in Summonings
 12401 | D:9      | Reached skill level 5 in Necromancy
 12401 | D:9      | Reached skill level 5 in Translocations
 12401 | D:9      | Reached skill level 5 in Transmutations
 12401 | D:9      | Reached skill level 5 in Fire Magic
 12401 | D:9      | Reached skill level 5 in Ice Magic
 12401 | D:9      | Reached skill level 5 in Air Magic
 12679 | D:9      | Noticed a two-headed ogre
 12682 | D:9      | Killed a two-headed ogre
 12732 | D:9      | Found a bloodstained altar of Trog.
 12887 | D:9      | Found a shimmering blue altar of Sif Muna.
 13028 | D:10     | Entered Level 10 of the Dungeon
 13205 | D:10     | Identified the +1 leather armour of Hepliaklqana's Esteem
                  | {rPois Slay+2}
 13431 | D:10     | Noticed Nergalle
 13457 | D:10     | Killed Nergalle
 13955 | D:9      | Learned a level 3 spell: Stone Arrow
 14085 | D:10     | Found a staircase to the Lair.
 14320 | D:10     | Noticed a two-headed ogre
 14324 | D:10     | Killed a two-headed ogre
 14475 | D:10     | Noticed a two-headed ogre
 14485 | D:10     | Killed a two-headed ogre
 14486 | D:10     | Reached XP level 12. HP: 49/89 MP: 9/23
 15063 | D:11     | Noticed a sun demon
 15070 | D:11     | Reached skill level 7 in Stealth
 15115 | Lair:1   | Entered Level 1 of the Lair of Beasts
 16039 | Lair:1   | Reached ** piety under Ashenzari
 16973 | Lair:1   | Learned a level 4 spell: Summon Lightning Spire
 17316 | Lair:2   | Noticed a death yak
 17321 | Lair:2   | Noticed a death yak
 17323 | Lair:2   | Killed a death yak
 17328 | Lair:2   | Noticed a death yak
 17329 | Lair:2   | Noticed a death yak
 17330 | Lair:2   | Killed a death yak
 17468 | Lair:1   | Killed a death yak
 17593 | Lair:1   | Killed a death yak
 17972 | Lair:2   | Noticed a four-headed hydra
 18016 | Lair:2   | Reached XP level 13. HP: 96/98 MP: 8/25
 18063 | Lair:1   | Reached skill level 8 in Stealth
 19476 | Lair:3   | Found a frozen archway.
 19522 | IceCv    | Entered an ice cave
 21084 | IceCv    | Noticed a reaper
 21263 | IceCv    | Killed a reaper
 22053 | Lair:3   | Found a staircase to the Shoals.
 22484 | Lair:3   | Found a hole to the Spider Nest.
 22680 | Lair:3   | Reached *** piety under Ashenzari
 23359 | Lair:4   | Found an ancient bone altar of Kikubaaqudgha.
 23388 | Lair:4   | Reached XP level 14. HP: 113/113 MP: 17/30
 23530 | Lair:4   | Acquired the Compendium of Confrontation
 23539 | Lair:4   | Learned a level 6 spell: Iron Shot
 23545 | Lair:4   | Learned a level 5 spell: Iskenderun's Battlesphere
 24380 | Lair:5   | Noticed Snorg
 24387 | Lair:5   | Killed Snorg
 24403 | Lair:5   | Reached skill level 9 in Stealth
 24743 | Lair:5   | Found a viscous altar of Jiyva.
 24744 | Lair:5   | Found a staircase to the Slime Pits.
 25646 | Lair:6   | Entered Level 6 of the Lair of Beasts
 25677 | Lair:6   | Reached skill level 10 in Invocations
 26242 | Lair:6   | Learned a level 6 spell: Eringya's Noxious Bog
 27591 | Lair:6   | Found a burning altar of Makhleb.
 27816 | Lair:6   | Reached skill level 10 in Spellcasting
 27972 | Lair:6   | Reached skill level 10 in Shields
 27972 | Lair:6   | Reached skill level 10 in Evocations
 28174 | Lair:6   | Found a gateway to Hell.
 28175 | Lair:6   | Found the +10 zealot's sword {holy, *Rage rN+ EV+3}
 28746 | D:11     | Reached XP level 15. HP: 104/122 MP: 10/31
 28891 | D:11     | Reached **** piety under Ashenzari
 29482 | D:12     | Found Nillet's Book Shoppe.
 29597 | D:12     | Noticed Josephine
 29606 | D:12     | Killed Josephine
 30204 | D:12     | Found a staircase to the Orcish Mines.
 30610 | Orc:1    | Entered Level 1 of the Orcish Mines
 30610 | Orc:1    | Noticed an orc warlord
 30613 | Orc:1    | Killed an orc warlord
 31115 | Orc:2    | Entered Level 2 of the Orcish Mines
 31328 | Orc:2    | Found a staircase to the Elven Halls.
 31397 | Orc:2    | Reached skill level 10 in Fighting
 31397 | Orc:2    | Reached skill level 10 in Short Blades
 31397 | Orc:2    | Reached skill level 10 in Long Blades
 31397 | Orc:2    | Reached skill level 10 in Axes
 31397 | Orc:2    | Reached skill level 10 in Maces & Flails
 31397 | Orc:2    | Reached skill level 10 in Polearms
 31397 | Orc:2    | Reached skill level 10 in Staves
 31397 | Orc:2    | Reached skill level 10 in Slings
 31397 | Orc:2    | Reached skill level 10 in Bows
 31397 | Orc:2    | Reached skill level 10 in Crossbows
 31397 | Orc:2    | Reached skill level 10 in Throwing
 31397 | Orc:2    | Reached skill level 10 in Armour
 31397 | Orc:2    | Reached skill level 10 in Dodging
 31397 | Orc:2    | Reached skill level 10 in Stealth
 31397 | Orc:2    | Reached skill level 10 in Unarmed Combat
 31402 | Orc:2    | Found Gegacze's Jewellery Shoppe.
 32139 | Orc:2    | Found Meret's Book Shop.
 32181 | Orc:2    | Found Zavub's Book Emporium.
 32182 | Orc:2    | Found Siymm's Assorted Antiques.
 32751 | Shoals:1 | Entered Level 1 of the Shoals
 32751 | Shoals:1 | Identified Roxanne's Papyrus of the Mountains
 32751 | Shoals:1 | Noticed Roxanne
 33282 | Shoals:1 | Killed Roxanne
 33657 | Shoals:1 | Found Porromu's Antique Weapon Boutique.
 33707 | Shoals:1 | Bought a shimmering broad axe for 270 gold pieces
 33707 | Shoals:1 | Identified the +7 broad axe of Recklessness {vorpal, rCorr
                  | Dex+2} (You bought it in a shop on level 1 of the Shoals)
 33707 | Shoals:1 | Bought a slimy mace for 240 gold pieces
 33707 | Shoals:1 | Identified the +9 mace of Darkness {holy, *Noise rElec rN+
                  | Dex+2} (You bought it in a shop on level 1 of the Shoals)
 33946 | Shoals:1 | Noticed Aizul
 33953 | Shoals:1 | Killed Aizul
 34669 | Shoals:1 | Reached XP level 16. HP: 109/132 MP: 27/34
 35468 | Shoals:2 | Found Wiun's Antique Armour Shop.
 35468 | Shoals:2 | Identified the ring of Free Will {Dex+6 Slay+2 SInv}
 35519 | Shoals:2 | Bought a shimmering robe for 136 gold pieces
 35519 | Shoals:2 | Identified the +2 robe of Fuihilo {rF+ Slay+3} (You bought
                  | it in a shop on level 2 of the Shoals)
 36523 | Shoals:3 | Identified the +1 ring mail of Dedoqeac {Harm Str+5 Dex-4}
 37341 | Shoals:3 | Reached skill level 10 in Earth Magic
 37758 | Shoals:4 | Entered Level 4 of the Shoals
 37758 | Shoals:4 | Noticed Polyphemus
 37763 | Shoals:4 | Killed Polyphemus
 37995 | Shoals:4 | Reached skill level 11 in Stealth
 38610 | Shoals:4 | Reached XP level 17. HP: 70/140 MP: 2/35
 39315 | Shoals:4 | Got a barnacled rune of Zot
 39658 | Shoals:4 | Found the +8 longbow "Zephyr" {speed, Dex+3 SInv}
 40451 | Shoals:4 | Identified the Almanac of the Curious Servitors
 40629 | Spider:1 | Entered Level 1 of the Spider Nest
 43291 | Spider:2 | Reached skill level 10 in Conjurations
 43291 | Spider:2 | Reached skill level 10 in Hexes
 43291 | Spider:2 | Reached skill level 10 in Summonings
 43291 | Spider:2 | Reached skill level 10 in Necromancy
 43291 | Spider:2 | Reached skill level 10 in Translocations
 43291 | Spider:2 | Reached skill level 10 in Transmutations
 43291 | Spider:2 | Reached skill level 10 in Fire Magic
 43291 | Spider:2 | Reached skill level 10 in Ice Magic
 43291 | Spider:2 | Reached skill level 10 in Air Magic
 44696 | Spider:4 | Entered Level 4 of the Spider Nest
 44875 | Spider:4 | Reached XP level 18. HP: 146/149 MP: 20/37
 45619 | Spider:4 | Reached skill level 12 in Stealth
 47100 | Spider:4 | Got a gossamer rune of Zot
 47411 | D:13     | Found a flagged portal.
 47434 | Bailey   | Entered a bailey
 47610 | Bailey   | Identified the +4 mace "Sarcophage" {venom, rPois}
 48137 | D:13     | Noticed Frances
 48153 | D:13     | Killed Frances
 48277 | D:13     | Found a white marble altar of Elyvilon.
 48991 | D:14     | Noticed Jorgrun
 48998 | D:13     | Killed Jorgrun
 49514 | D:14     | Noticed Rupert
 49522 | D:14     | Killed Rupert
 49529 | D:14     | Found a gate to the Vaults.
 49749 | D:14     | Found a broken altar of Ashenzari.
 50133 | D:15     | Entered Level 15 of the Dungeon
 50403 | D:15     | Found an ancient bone altar of Kikubaaqudgha.
 50841 | D:15     | Found a staircase to the Depths.
 51332 | Vaults:1 | Entered Level 1 of the Vaults
 51339 | Vaults:1 | Found the +3 Elemental Staff {rElec rF++ rC++ Will++ AC+5}
 51582 | Vaults:1 | Reached XP level 19. HP: 105/156 MP: 22/38
 52427 | Vaults:1 | Found Cihouklogg's Armour Emporium.
 54083 | Vaults:2 | Found a staircase to the Crypt.
 55140 | Vaults:2 | Reached skill level 13 in Stealth
 55666 | Vaults:2 | Identified the +2 robe of the Tanner {rPois rN+ Will-}
 56242 | D:12     | Bought Asmodeus's Disquisition on Burning Attacks for 1156
                  | gold pieces
 56251 | D:12     | Learned a level 8 spell: Ignition
 57123 | Vaults:3 | Reached XP level 20. HP: 160/165 MP: 21/40
 58229 | Vaults:3 | Learned a level 7 spell: Orb of Destruction
 58587 | Vaults:3 | Noticed Mara
 58593 | Vaults:3 | Noticed Glokmah's illusion
 58603 | Vaults:3 | Killed Mara
 60580 | Vaults:4 | Identified the +1 ring mail of Greed {+Inv}
 60687 | Vaults:4 | Reached skill level 14 in Stealth
 60691 | Vaults:4 | Reached XP level 21. HP: 165/172 MP: 17/42
 61157 | Vaults:5 | Entered Level 5 of the Vaults
 61393 | Elf:1    | Entered Level 1 of the Elven Halls
 62706 | Elf:2    | Reached skill level 15 in Invocations
 63351 | Elf:2    | Found a runed translucent gate.
 63352 | Elf:2    | Found a runed translucent gate.
 63445 | Elf:2    | Found a runed translucent gate.
 63464 | Elf:2    | Found Zeasaus's Distillery.
 65271 | Elf:3    | Entered Level 3 of the Elven Halls
 65376 | Elf:3    | Found Peblaf's Antique Weapon Shoppe.
 65567 | Elf:3    | Found a runed translucent door.
 65642 | Elf:3    | Noticed Ekhlibu's ghost (journeyman DgVM)
 65643 | Elf:3    | Identified the +8 falchion of the Lusting Ancients {vamp,
                  | rC+}
 65651 | Elf:3    | Killed Ekhlibu's ghost
 65893 | Elf:3    | Reached skill level 15 in Stealth
 66296 | Elf:3    | Cast into level 3 of the Abyss (a deep elf sorcerer)
 66296 | Abyss:3  | Found a corrupted altar of Lugonu.
 66317 | Elf:3    | Escaped the Abyss
 66339 | Elf:3    | Reached XP level 22. HP: 70/182 MP: 12/43
 66671 | Elf:3    | Identified the +4 scale mail "Casof" {*Corrode rC+++ Int+8
                  | Dex-2}
 66873 | Elf:3    | Identified the +6 mace of the Nine Violins {flame, Stlth+}
 67055 | Elf:3    | Identified the +1 battleaxe of Inirifih {venom, rCorr}
 67834 | Elf:3    | Identified the +0 plate armour "Banwetze" {-Cast rElec
                  | rPois}
 67841 | Elf:3    | Identified the Guide on Moulding
 67842 | Elf:3    | Identified the Papyrus of the Compass and Conjuration
 67842 | Elf:3    | Found the +6 lightning scales {swift rElec}
 68019 | Elf:3    | Identified the +5 falchion of the Slashing Seer {vamp, rN++
                  | Will+ Dex-5}
 68477 | Depths:1 | Entered Level 1 of the Depths
 69526 | Depths:1 | Found a basalt altar of Yredelemnul.
 69575 | Depths:1 | Found Pifig's Jewellery Boutique.
 69575 | Depths:1 | Found Xaohexuo's Book Shoppe.
 69576 | Depths:1 | Found Daciopn's Jewellery Boutique.
 69588 | Depths:1 | Bought a manual of Shields for 2208 gold pieces
 69948 | Depths:2 | Gained mutation: You are partially covered in iridescent
                  | scales. (AC +2) [a shining eye]
 69951 | Depths:2 | Gained mutation: Your system is resistant to poisons.
                  | (rPois) [a shining eye]
 70648 | Depths:2 | Reached skill level 15 in Shields
 71441 | Depths:2 | Reached skill level 15 in Spellcasting
 71925 | Depths:2 | Reached skill level 16 in Stealth
 71925 | Depths:2 | Reached skill level 15 in Evocations
 73014 | Orc:2    | Bought a book of Minor Magic for 220 gold pieces
 73017 | Orc:2    | Learned a level 2 spell: Blink
 73387 | Depths:3 | Reached XP level 23. HP: 188/188 MP: 44/44
 73438 | Depths:3 | Reached skill level 15 in Poison Magic
 73714 | Depths:3 | Noticed Jory
 73723 | Depths:3 | Killed Jory
 73969 | Depths:3 | Reached skill level 15 in Fighting
 73969 | Depths:3 | Reached skill level 15 in Short Blades
 73969 | Depths:3 | Reached skill level 15 in Long Blades
 73969 | Depths:3 | Reached skill level 15 in Axes
 73969 | Depths:3 | Reached skill level 15 in Maces & Flails
 73969 | Depths:3 | Reached skill level 15 in Polearms
 73969 | Depths:3 | Reached skill level 15 in Staves
 73969 | Depths:3 | Reached skill level 15 in Slings
 73969 | Depths:3 | Reached skill level 15 in Bows
 73969 | Depths:3 | Reached skill level 15 in Crossbows
 73969 | Depths:3 | Reached skill level 15 in Throwing
 73969 | Depths:3 | Reached skill level 15 in Armour
 73969 | Depths:3 | Reached skill level 15 in Dodging
 73969 | Depths:3 | Reached skill level 15 in Unarmed Combat
 74116 | Depths:3 | Found a one-way gate leading to the halls of Pandemonium.
 74982 | Depths:3 | Noticed a juggernaut
 74997 | Depths:3 | Killed a juggernaut
 75267 | Depths:3 | Noticed a golden dragon
 75416 | Depths:3 | Killed a golden dragon
 75670 | Depths:3 | Noticed Mennas
 76872 | D:12     | Bought a book of Unlife for 1105 gold pieces
 76879 | D:12     | Learned a level 5 spell: Borgnjor's Vile Clutch
 78514 | Depths:4 | Reached skill level 17 in Stealth
 78623 | Depths:4 | Identified the +3 cloak of Gibo {Drain Fly rF+ Dex+3}
 79402 | Depths:3 | HP: 7/191 [Mennas/+5 trishula of holy wrath (17)]
 79402 | Depths:3 | Slain by Mennas

Illustrated notes

Levels and vault maps discovered:
D:1:      dpeg_arrival_tiny_k, layout_basic, serial_corexii_hall,
          chequers_hall_statues_corner_a, corexii_hall_statues_deadend,
          serial_shops, nicolae_shop_statue_plus
D:2:      layout_basic, shapermc_ecumenical_altar_gd, guppyfry_early_lair_pool
D:3:      layout_loops_ring, uniq_robin, uniq_jessica
D:4:      layout_basic, lemuel_round_altar, gammafunk_ghost_nasty_kobolds,
          minmay_misc_feat_x
D:5:      layout_basic, kennysheep_ying_yang, general_overflow_altar,
          nicolae_dithmenos_shadow_blocks, minmay_temple_entry_glass,
          lightli_ossuary_entry_decrepit_ruins, feat_on_display
D:6:      layout_basic, nicolae_qazlal_style_of_elements, uniq_grinder
D:7:      nzn_winding_woodlands_small [nzn_winding_woodlands_5x15_twine,
          nzn_winding_woodlands_center_lodge,
          nzn_winding_woodlands_5x15_parted], layout_cave_pools,
          cheibriados_altar_1, minmay_three_doors
D:8:      layout_cave_pools, special_room [special_room_orc]
D:9:      layout_basic, nicolae_tso_swordbearing_angel, trog_hazing_becter,
          lemuel_blue_sif_altar
D:10:     layout_loops_corners, erik_lair_island, uniq_nergalle
D:11:     layout_small_grid, grunt_decor_one_mirror
D:12:     layout_small_grid, david_orc_4, serial_shops, shop,
          ebering_dispersal_statue_hall, grunt_ministairs_2, uniq_josephine
D:13:     layout_roguey, enter_bailey_2, nicolae_elyvilon_peaceful_grove,
          uniq_frances
D:14:     layout_loops_cross, david_vaults_3, nicolae_ashenzari_skybound,
          uniq_jorgrun
D:15:     hangedman_depths_entry_civil_slaughter, layout_basic,
          kiku_gazebo_garden_becter
Temple:   hc_temple_tempest_star
Lair:1:   dpeg_oklob_gauntlet, layout_cave_pods
Lair:2:   layout_chaotic_city, wad_woods_river_01, infiniplex_staircase_pool_2
Lair:3:   layout_chaotic_city, shoals_dummy_entry,
          nicolae_spider_entry_non_spiders, portal_ice_cave_entry_ice_beasts,
          minmay_hedge_maze
Lair:4:   layout_cave_pods, basic_altar, serial_bayou_shore_b
Lair:5:   layout_gridlike, slime_altar_1, uniq_snorg
Lair:6:   evil_forest, layout_regular_city
Shoals:1: cheibrodos_shoals_oceanic_diplomacy, layout_shoals, serial_shops,
          shop, nicolae_shoals_stone_sculpture_thing, overgrown_hall,
          uniq_roxanne, uniq_aizul
Shoals:2: layout_shoals, serial_shops, shop
Shoals:3: layout_shoals
Shoals:4: shoals_end_grunt_ice, layout_shoals, uniq_polyphemus
Spider:1: layout_chambers, nicolae_spider_nook
Spider:2: layout_spider_delve, hangedman_spider_tarantella_strand
Spider:3: layout_spider_delve
Spider:4: spider_rune_water, nicolae_spider_nooks_and_crannies
Orc:1:    layout_caves
Orc:2:    st_orc_open, layout_caves
Elf:1:    eino_elf_arrival_sip, layout_gridlike, hangedman_corner_corridor
Elf:2:    layout_loops_ring, serial_shops, shop, serial_sigils_hangedman_shear
Elf:3:    minmay_elf_hall_golems, layout_gridlike,
          ebering_ghost_reflecting_pool, serial_shops, nicolae_shop_stone
Vaults:1: v_misc_29, nicolae_vaults_puzzle_piece, nicolae_vaults_three_branches,
          vaults_standard_mumra_enter_the_diamond, vaults_room_ringed_pool,
          vaults_dpeg_encased_lava, nicolae_vaults_shelves_hall,
          dpeg_vaults_monster_box, nicolae_vaults_little_squares_6,
          layout_vaults_omnigrid, serial_shops, shop_coins
Vaults:2: nicolae_vaults_theta, nicolae_vaults_asterisk, v_misc_14,
          minmay_crypt_entry_simple_plaza, hangedman_vaults_slice,
          nicolae_vaults_lopsided_apartments, grunt_vaults_swirl,
          nicolae_vaults_puzzle_piece, nicolae_vaults_specimen_jars, v_misc_8,
          nicolae_vaults_windows_and_doors_thing, layout_vaults_maze
Vaults:3: v_misc_28, ontoclasm_vaults_chip, vaults_mumra_lcd, v_misc_9,
          grunt_vaults_focal, nicolae_vaults_circle_grid_a, v_misc_16,
          nicolae_vaults_ring_of_whatevers, hangedman_vaults_capsules,
          ontoclasm_vaults_idyll, ontoclasm_vaults_decontamination,
          nicolae_vaults_diagonal_hallway_7, layout_vaults_omnicross, uniq_mara
Vaults:4: ontoclasm_vaults_misaligned, v_pattern_2, grunt_vaults_trifunnel,
          nicolae_vaults_alarming, nicolae_vaults_big_ls, v_rooms_6,
          nicolae_vaults_minivaults, vaults_standard_mumra_x,
          ontoclasm_vaults_gateway, nicolae_vaults_little_squares_2,
          layout_vaults_omnibox
Vaults:5: serial_shops
Depths:1: layout_gridville, serial_glass, glass_columns_a, glass_columns_c,
          hell_entry, yredelemnul_altar_generic, minmay_shop_grove
Depths:2: wad_guarded_room, layout_basic, grunt_hell_entry_dis_mu
Depths:3: minmay_chopped_fan, layout_honeycomb, grunt_pan_entry_in_and_out,
          minmay_misc_feat_diagonals, hell_entry, uniq_jory, uniq_mennas
Depths:4: minmay_swirls_squares, layout_gridlike, enter_ziggurat_f,
          wad_floor_pattern_untrapped, hangedman_geh_valley, abyss_entry,
          serial_bayou_lagoon_a

Skill      XL: |  1  2  3  4  5  6  7  8  9 10 11 12 13 14 15 16 17 18 19 20 21 22 23 |
---------------+----------------------------------------------------------------------+-----
Invocations    | 1 2 3 4 5 6 7 8 9 10 11 12 13 14 15 16 | 16.5
Fighting       | 1 2 3 4 5 6 7 8 9 10 11 12 13 14 15 | 15.3
Short Blades   | 1 2 3 4 5 6 7 8 9 10 11 12 13 14 15 | 15.3
Long Blades    | 1 2 3 4 5 6 7 8 9 10 11 12 13 14 15 | 15.3
Axes           | 1 2 3 4 5 6 7 8 9 10 11 12 13 14 15 | 15.3
Maces & Flails | 1 2 3 4 5 6 7 8 9 10 11 12 13 14 15 | 15.3
Polearms       | 1 2 3 4 5 6 7 8 9 10 11 12 13 14 15 | 15.3
Staves         | 1 2 3 4 5 6 7 8 9 10 11 12 13 14 15 | 15.3
Slings         | 1 2 3 4 5 6 7 8 9 10 11 12 13 14 15 | 15.3
Bows           | 1 2 3 4 5 6 7 8 9 10 11 12 13 14 15 | 15.3
Crossbows      | 1 2 3 4 5 6 7 8 9 10 11 12 13 14 15 | 15.3
Throwing       | 1 2 3 4 5 6 7 8 9 10 11 12 13 14 15 | 15.3
Armour         | 1 2 3 4 5 6 7 8 9 10 11 12 13 14 15 | 15.3
Dodging        | 1 2 3 4 5 6 7 8 9 10 11 12 13 14 15 | 15.3
Stealth        | 1 2 3 4 5 6 7 8 9 10 11 12 13 14 15 16 17 | 17.0
Unarmed Combat | 1 2 3 4 5 6 7 8 9 10 11 12 13 14 15 | 15.3
Spellcasting   | 3 4 5 6 7 8 9 10 11 12 13 14 15 | 15.5
Conjurations   | 1 2 3 4 5 6 7 8 9 10 11 12 13 | 13.2
Hexes          | 1 2 3 4 5 6 7 8 9 10 11 12 13 | 13.2
Summonings     | 1 2 3 4 5 6 7 8 9 10 11 12 13 | 13.2
Necromancy     | 1 2 3 4 5 6 7 8 9 10 11 12 13 | 13.2
Translocations | 1 2 3 4 5 6 7 8 9 10 11 12 13 | 13.2
Transmutations | 1 2 3 4 5 6 7 8 9 10 11 12 13 | 13.2
Fire Magic     | 1 2 3 4 5 6 7 8 9 10 11 12 13 | 13.2
Ice Magic      | 1 2 3 4 5 6 7 8 9 10 11 12 13 | 13.2
Air Magic      | 1 2 3 4 5 6 7 8 9 10 11 12 13 | 13.2
Shields        | 3 4 5 6 7 8 9 10 11 12 13 14 15 16 | 16.2
Earth Magic    | 4 5 6 7 8 9 10 11 12 13 | 13.7
Evocations     | 3 4 5 6 7 8 9 10 11 12 13 14 15 | 15.5
Poison Magic   | 9 10 11 12 13 14 15 | 15.3

Action                   |  1- 3 |  4- 6 |  7- 9 | 10-12 | 13-15 | 16-18 | 19-21 | 22-24 || total
-------------------------+-------+-------+-------+-------+-------+-------+-------+-------++-------
Melee: Club              |     1 |       |       |       |       |       |       |       ||     1
       Spear             |    20 |    16 |       |       |       |       |       |       ||    36
       Dagger            |     3 |       |   197 |    99 |       |       |       |       ||   299
       Whip              |       |    40 |       |       |       |       |       |       ||    40
       Bite              |       |     1 |    18 |    21 |    42 |    48 |    44 |    21 ||   195
       Punch             |       |       |     2 |     2 |       |     2 |       |       ||     6
       Quarterstaff      |       |       |       |   100 |   386 |     3 |       |       ||   489
       Eudemon blade     |       |       |       |       |       |   511 |     2 |     9 ||   522
       Staff             |       |       |       |       |       |       |   436 |   241 ||   677
       Demon trident     |       |       |       |       |       |       |       |    20 ||    20
 Fire: Longbow           |       |       |       |       |       |    11 |       |       ||    11
Throw: Dart              |       |       |       |     3 |     1 |       |       |       ||     4
 Cast: Sting             |    44 |    24 |    22 |    20 |    13 |     1 |       |       ||   124
       Poisonous Vapours |    17 |    38 |    29 |    68 |   180 |   220 |    72 |    35 ||   659
       Sandblast         |       |    14 |    29 |    31 |       |       |       |       ||    74
       Ignite Poison     |       |     6 |    23 |    68 |   165 |   186 |    87 |    42 ||   577
       Olgreb's Toxic Ra |       |     1 |     5 |    40 |    71 |   109 |    79 |    36 ||   341
       Mephitic Cloud    |       |       |    15 |    12 |    32 |     3 |     1 |       ||    63
       Stone Arrow       |       |       |       |    20 |    55 |     4 |    18 |     4 ||   101
       Summon Lightning  |       |       |       |     3 |       |     1 |     3 |     4 ||    11
       Eringya's Noxious |       |       |       |       |    19 |    38 |    12 |     5 ||    74
       Iskenderun's Batt |       |       |       |       |    13 |     2 |     2 |       ||    17
       Iron Shot         |       |       |       |       |    10 |    29 |    44 |   115 ||   198
       Ignition          |       |       |       |       |       |       |    52 |    40 ||    92
       Orb of Destructio |       |       |       |       |       |       |    39 |    68 ||   107
       Borgnjor's Vile C |       |       |       |       |       |       |       |    12 ||    12
Invok: Curse Item        |       |       |       |     3 |     3 |     1 |     1 |     1 ||     9
       Shatter the Chain |       |       |       |       |       |       |     1 |     2 ||     3
Evoke: Wand              |       |       |     4 |       |    16 |     2 |       |     8 ||    30
  Use: Scroll            |       |     8 |     5 |     2 |     2 |     3 |     5 |     3 ||    28
       Potion            |       |       |       |       |     3 |     2 |       |     1 ||     6
 Stab: Sleeping          |       |     1 |     1 |       |     1 |    10 |     8 |     1 ||    22
       Distracted        |       |       |     1 |       |     9 |     1 |       |       ||    11
Armor: Robe              |    10 |     8 |       |       |       |       |    59 |    86 ||   163
       Leather armour    |       |    12 |   103 |   136 |   163 |   142 |    29 |       ||   585
Dodge: Dodged            |    31 |    45 |   122 |   135 |   246 |   359 |   141 |   131 ||  1210
Block: Other             |       |       |    19 |    56 |    82 |     1 |       |       ||   158
       Reflection        |       |       |     1 |       |     5 |    43 |    65 |    15 ||   129
       Kite shield       |       |       |       |       |       |   514 |   344 |   247 ||  1105
       Rpst.: Eudemon blade |       |       |       |       |       |    61 |       |     1 ||    62

Table legend: (Time is in decaauts)
 A = Elapsed time spent in this place.
 B = Non-inter-level travel time spent in this place.
 C = Inter-level travel time spent in this place.
 D = Time resting spent in this place.
 E = Time spent auto-exploring this place.
 F = Levels seen in this place.
 G = Mean time per level.
                   A        B        C        D        E       F      G
               +--------+--------+--------+--------+--------+-----+--------+
         Total |  79472 |  72559 |   6913 |  20224 |  38374 |  48 | 1655.7 |
       Dungeon |  20615 |  18528 |   2087 |   3262 |  11790 |  15 | 1374.3 |
        Temple |    513 |    395 |    118 |      0 |    390 |   1 |  513.0 |
          Lair |  11818 |  10802 |   1016 |   2359 |   6808 |   6 | 1969.7 |
        Shoals |   7610 |   7061 |    549 |   2402 |   3104 |   4 | 1902.5 |
   Spider Nest |   6795 |   6151 |    644 |   2194 |   2698 |   4 | 1698.8 |
  Orcish Mines |   2188 |   1979 |    209 |    465 |   1009 |   2 | 1094.0 |
   Elven Halls |   6896 |   6638 |    258 |   2548 |   2846 |   3 | 2298.7 |
        Vaults |   9129 |   8298 |    831 |   1852 |   4965 |   5 | 1825.8 |
        Depths |  10246 |   9048 |   1198 |   3002 |   4419 |   4 | 2561.5 |
         Abyss |     20 |     20 |      0 |      0 |      0 |   1 |   20.0 |
       Ossuary |    643 |    643 |      0 |    239 |     52 |   1 |  643.0 |
        Bailey |    576 |    576 |      0 |    192 |     88 |   1 |  576.0 |
      Ice Cave |   2417 |   2417 |      0 |   1708 |    203 |   1 | 2417.0 |
               +--------+--------+--------+--------+--------+-----+--------+

Top non-repeatable levels by time:
Depths:3: 3762 daAuts
Depths:2: 2849 daAuts
Vaults:3: 2647 daAuts
  Lair:1: 2636 daAuts
  Lair:6: 2464 daAuts
   Elf:2: 2458 daAuts
   IceCv: 2417 daAuts
Shoals:4: 2364 daAuts
Vaults:1: 2355 daAuts
   Elf:3: 2296 daAuts
Spider:4: 2164 daAuts
Shoals:1: 2144 daAuts
   Elf:1: 2141 daAuts
Vaults:2: 2084 daAuts
     D:7: 2046 daAuts
